AoeStats
← gabisan

Black Forest

508924439Analyzed
3v3 RM · 9d ago on Sep 24, 2026· 75m 35s· 6 players
Game mode
Random Map
Map size
Normal (6 player)
Population
200
Speed
Normal
Resources
Standard
Victory
Conquest
Starting age
Dark Age
Ending age
Imperial Age
RankedLock teamsTeams togetherTeam positionsShared explorationLock speedFull tech treeHidden civsTurbo modeCheats
Victory
Defeat
🇵🇪 Mongols · Peru
1051
+10
🇪🇸 Vietnamese · Spain
976
+13
🇪🇨 Armenians · Ecuador
897
+16
🇷🇴 Portuguese · Romania
917
-13
🇷🇴 Romans · Romania
917
-13
🇷🇴 Spanish · Romania
914
-13
Cavalier
0:47 Loom
12:48 Feudal Age
13:08 Horse Collar
13:18 Double-Bit Axe
15:21 Gold Mining
20:27 Castle Age
18:27 Stone Mining
21:02 Wheelbarrow
20:14 Town Watch
22:35 Bow Saw
22:27 Heavy Plow
23:04 Stone Shaft Mining
23:44 Fletching
26:04 Masonry
26:34 Bodkin Arrow
32:53 Imperial Age
31:54 Hand Cart
31:41 Town Patrol
33:53 Bracer
34:55 Chemistry
34:17 Ballistics
33:38 Treadmill Crane
33:55 Murder Holes
35:29 Paper Money
35:37 Paper Money
35:30 Scale Barding Armor
35:35 Forging
35:40 Bloodlines
35:31 Husbandry
37:04 Padded Archer Armor
37:24 Chain Barding Armor
37:39 Iron Casting
37:57 Elite Battle Elephant
38:57 Leather Archer Armor
40:10 Two-Man Saw
39:42 Crop Rotation
39:30 Thumb Ring
41:09 Caravan
41:19 Chatras
41:53 Ring Archer Armor
41:59 Plate Barding Armor
42:04 Siege Engineers
43:14 Elite Skirmisher
45:34 Scale Mail Armor
45:56 Bombard Tower
45:28 Guard Tower
45:25 Arrowslits
45:51 Fortified Wall
51:27 Chain Mail Armor
52:44 Elite Rattan Archer
52:54 Sappers
54:00 Hoardings
52:53 Cavalier
52:53 Light Cavalry
59:43 Coinage
59:24 Guilds
Khalid
5:52 Loom
12:21 Feudal Age
17:21 Castle Age
15:36 Double-Bit Axe
17:17 Horse Collar
22:12 Heavy Plow
22:25 Bow Saw
22:06 Gold Mining
24:40 Wheelbarrow
26:02 Fletching
26:13 Padded Archer Armor
26:54 Squires
26:16 Pikeman
28:42 Hand Cart
29:10 Bodkin Arrow
29:31 Leather Archer Armor
33:31 Imperial Age
32:39 Forging
32:36 Scale Barding Armor
32:33 Scale Mail Armor
33:18 Halberdier
36:16 Bracer
36:53 Iron Casting
36:24 Scale Barding Armor
36:37 Chain Mail Armor
36:16 Elite Composite Bowman
37:05 Man-at-Arms
37:37 Gambesons
39:17 Blast Furnace
38:45 Long Swordsman
42:13 Chemistry
41:34 Ballistics
40:55 Two-Handed Swordsman
42:50 Plate Mail Armor
42:51 Ring Archer Armor
42:11 Capped Ram
65:22 Caravan
66:35 Caravan
67:06 Coinage
66:47 Guilds
68:56 Onager
Crissss
0:46 Loom
11:34 Feudal Age
13:29 Double-Bit Axe
15:56 Castle Age
13:50 Stone Mining
14:22 Gold Mining
17:19 Fletching
23:21 Bodkin Arrow
26:03 Ballistics
28:58 Husbandry
29:09 Bloodlines
35:20 Imperial Age
35:59 Bloodlines
36:52 Wheelbarrow
36:53 Gold Shaft Mining
36:31 Bow Saw
38:37 Conscription
38:59 Bracer
39:48 Drill
40:13 Parthian Tactics
39:55 Thumb Ring
40:46 Elite Mangudai
42:19 Caravan
43:08 Heavy Camel Rider
44:26 Onager
47:06 Light Cavalry
50:23 Scale Barding Armor
50:30 Siege Engineers
51:26 Chemistry
50:48 Siege Onager
57:54 Hussar
59:26 Chain Barding Armor
59:17 Forging
email_to_mihai
0:29 Loom
14:04 Feudal Age
20:13 Castle Age
18:45 Stone Mining
19:05 Double-Bit Axe
20:14 Gold Mining
20:07 Horse Collar
23:08 Fletching
24:25 Wheelbarrow
32:03 Imperial Age
32:27 Hand Cart
32:36 Scale Barding Armor
32:31 Scale Mail Armor
33:26 Bloodlines
34:19 Caravan
35:02 Conscription
34:45 Bodkin Arrow
35:01 Forging
36:01 Cavalier
36:42 Husbandry
36:03 Light Cavalry
38:27 Iron Casting
37:53 Bracer
39:53 Chemistry
39:06 Elite Conquistador
40:41 Ballistics
39:55 Elite Skirmisher
40:05 Hussar
40:56 Padded Archer Armor
46:35 Heavy Mounted Crossbowman
49:12 Blast Furnace
48:33 Chain Barding Armor
48:29 Chain Mail Armor
48:30 Leather Archer Armor
52:41 Plate Barding Armor
54:59 Plate Mail Armor
58:32 Ring Archer Armor
70:31 Pikeman
71:11 Squires
gabisan
0:26 Loom
12:48 Feudal Age
20:59 Castle Age
19:27 Double-Bit Axe
19:25 Horse Collar
20:09 Stone Mining
22:45 Bow Saw
22:41 Heavy Plow
22:56 Fletching
23:01 Gold Mining
33:50 Imperial Age
32:56 Crossbowman
34:22 Town Watch
34:44 Bodkin Arrow
35:56 Chemistry
35:19 Conscription
36:03 Wheelbarrow
37:16 Hand Cart
37:51 Ballistics
37:23 Heated Shot
37:45 Fortified Wall
37:17 Arbalester
37:18 Elite Skirmisher
39:30 Arquebus
39:33 Circumnavigation
40:23 Thumb Ring
42:40 Onager
43:25 Elite Organ Gun
44:06 Light Cavalry
44:47 Husbandry
45:34 Masonry
47:37 Architecture
47:14 Siege Engineers
47:10 Bracer
47:11 Scale Mail Armor
47:22 Forging
47:17 Scale Barding Armor
47:13 Padded Archer Armor
47:42 Bloodlines
49:42 Cavalier
51:31 Iron Casting
51:12 Leather Archer Armor
51:13 Chain Mail Armor
51:18 Chain Barding Armor
54:11 Two-Man Saw
58:05 Ring Archer Armor
58:06 Plate Mail Armor
57:58 Bombard Tower
58:12 Pikeman
62:49 Blast Furnace
64:02 Town Patrol
67:01 Plate Barding Armor
highrisk
10:40 Loom
12:46 Feudal Age
16:35 Castle Age
14:33 Double-Bit Axe
14:32 Horse Collar
15:19 Gold Mining
18:03 Bow Saw
17:56 Heavy Plow
17:57 Fletching
18:51 Wheelbarrow
32:58 Scale Mail Armor
33:04 Scale Barding Armor
33:28 Hand Cart
35:15 Town Watch
36:24 Gold Shaft Mining
36:49 Chain Barding Armor
38:43 Fortified Wall
38:54 Ballistics
41:40 Imperial Age
39:48 Chain Mail Armor
39:44 Forging
39:29 Bodkin Arrow
41:14 Town Patrol
40:55 Light Cavalry
41:45 Bloodlines
41:36 Husbandry
42:17 Iron Casting
41:42 Padded Archer Armor
41:52 Caravan
43:28 Chemistry
43:42 Plate Barding Armor
44:08 Blast Furnace
46:03 Heavy Scorpion
58:16 Pikeman
58:57 Squires
67:23 Leather Archer Armor
Connection lost

Rejoining the realm…

Still unreachable

The connection could not be restored.

Session expired

The server has moved on; the page needs a fresh start.